 Dungeon Crawl Stone Soup version 0.31-a0-1002-g8e65716e6e (webtiles) character file.

Game seed: 1969347095303231702

46 BinkBink the Shooter (level 3, -1/30 HPs)
             Began as a Draconian Hunter on Nov 10, 2023.
             Slain by a gnoll
             ... wielding a +0 spear
              (3 damage)
             ... on level 2 of the Dungeon.
             The game lasted 00:01:00 (919 turns).

BinkBink the Shooter (Draconian Hunter)              Turns: 919, Time: 00:01:01

Health: -1/30      AC:  5    Str: 13    XL:     3   Next: 44%
Magic:  3/3        EV: 12    Int:  9    God:
Gold:   51         SH:  0    Dex: 16    Spells: 2/2 levels left

rFire   . . .        a - +0 shortbow
rCold   . . .        (shield currently unavailable)
rNeg    . . .        (body armour unavailable)
rPois   .            (helmet restricted)
rElec   .            (no cloak)
rCorr   .            (no gloves)
SInv    .            (no boots)
Will    .....        (no amulet)
Stlth   ++           (no ring)
HPRegen 0.25/turn    (no ring)
MPRegen 0.08/turn

%: no passive effects
@: mighty
A: AC +5, unfitting armour, cold-blooded
a: no special abilities


You were on level 2 of the Dungeon.
You visited 1 branch of the dungeon, and saw 2 of its levels.

You collected 51 gold pieces.

Inventory:

Hand Weapons
 a - a +0 shortbow (weapon)
Scrolls
 b - a scroll of butterflies


   Skills:
 + Level 2.8 Fighting
 + Level 3.9 Ranged Weapons
 + Level 2.3 Dodging
 + Level 1.8 Stealth


You had 2 spell levels left.
You didn't know any spells.
Your spell library was empty.

Dungeon Overview and Level Annotations

Branches:
Dungeon (2/15)

Altars:

Annotations:
D:1 2 runed translucent doors


Innate Abilities, Weirdness & Mutations

Your plain brown scales are hard. (AC +5)
You cannot fit into any form of body armour.
You are cold-blooded and may be slowed by cold attacks.


Message History

Press: ? - help, Q - select action Shift-Dir - straight line, f/p - gnoll
Aim: a gnoll, wielding a +0 whip (heavily wounded, 65% to hit)
You shoot an arrow. The arrow closely misses the gnoll.
The arrow hits the gnoll!
The gnoll is heavily wounded.
The gnoll hits you with a +0 whip.
* * * LOW HITPOINT WARNING * * *
The gnoll hits you but does no damage.
Unknown command.
Fire: a) +0 shortbow
Press: ? - help, Q - select action Shift-Dir - straight line, f/p - gnoll
Aim: a gnoll, wielding a +0 whip (heavily wounded, 65% to hit)
You shoot an arrow. The arrow hits the gnoll.
The gnoll is almost dead.
The gnoll closely misses you. x2
Fire: a) +0 shortbow
Press: ? - help, Q - select action Shift-Dir - straight line, f/p - gnoll
Aim: a gnoll, wielding a +0 whip (almost dead, 65% to hit)
You shoot an arrow. The arrow hits the gnoll.
You kill the gnoll!
The gnoll hits you from afar with a +0 spear.
* * * LOW HITPOINT WARNING * * *
Unknown command.
Fire: a) +0 shortbow
Press: ? - help, Q - select action Shift-Dir - straight line, f - gnoll
Aim: a gnoll, wielding a +0 flail (heavily wounded, 65% to hit)
You shoot an arrow. The arrow hits the gnoll.
The gnoll is severely wounded.
The gnoll misses you. The gnoll closely misses you.
The gnoll hits you from afar with a +0 spear.
* * * LOW HITPOINT WARNING * * *
Unknown command.
Fire: a) +0 shortbow
Press: ? - help, Q - select action Shift-Dir - straight line, f/p - gnoll
Aim: a gnoll, wielding a +0 flail (severely wounded, 65% to hit)
You shoot an arrow. The arrow hits the gnoll.
The gnoll is almost dead.
The gnoll misses you.
The gnoll hits you from afar with a +0 spear.
You die...

.P.~~≈≈≈≈~~.#
...~≈≈~≈≈≈!.#
..PP~~~≈~~..#
P...P~~≈~)..#
......~≈...P#
..P.P.......#
.#.#gg..### .
#g#### #@#
#.# ..# .###
#. . ##


You could see 3 gnolls.

Vanquished Creatures
  A gnoll (D:2)
  A dart slug (D:1)
  3 ball pythons (D:1)
  8 goblins
  5 hobgoblins (D:1)
  4 jackals (D:2)
  A quokka (D:1)
  A bat (D:1)
  A frilled lizard (D:1)
  3 kobolds
  3 rats (D:1)
31 creatures vanquished.

Notes
Turn   | Place    | Note
-------+----------+-------------------------------------------
     0 | D:1      | BinkBink the Draconian Hunter began the quest for the Orb.
     0 | D:1      | Reached XP level 1. HP: 17/17 MP: 1/1
    47 | D:1      | Reached skill level 1 in Stealth
    55 | D:1      | Reached XP level 2. HP: 25/25 MP: 2/2
    64 | D:1      | Found a large runed translucent door.
    64 | D:1      | Found a large runed translucent door.
    64 | D:1      | Noticed an ogre
    65 | D:1      | Noticed an ogre
    66 | D:1      | Noticed a troll
    67 | D:1      | Noticed an ogre
    67 | D:1      | Noticed an ogre
   875 | D:2      | Reached XP level 3. HP: 30/30 MP: 3/3
   919 | D:2      | Slain by a gnoll

Illustrated notes

Levels and vault maps discovered:
D:1:      erik_arrival_cave_to_civilisation [erik_arrival_cave_to_temple],
          layout_basic, grunt_decor_arrowhead
D:2:      layout_loops_cross, guppyfry_early_lair_pool

Skill      XL: |  1 |
---------------+----+-----
Stealth        | 1 |  1.8
Dodging        | 2 |  2.3
Fighting       | |  2.8
Ranged Weapons | |  3.9

Action                     || total
---------------------------++-------
   Fire: Shortbow          ||    98
    Use: Potion            ||     1
 Armour: Skin              ||    41
  Dodge: Dodged            ||    54

Table legend: (Time is in decaauts)
 A = Elapsed time spent in this place.
 B = Non-inter-level travel time spent in this place.
 C = Inter-level travel time spent in this place.
 D = Time resting spent in this place.
 E = Time spent auto-exploring this place.
 F = Levels seen in this place.
 G = Mean time per level.
                   A        B        C        D        E       F      G
               +--------+--------+--------+--------+--------+-----+--------+
         Total |    939 |    904 |     35 |      0 |    742 |   2 |  469.5 |
       Dungeon |    939 |    904 |     35 |      0 |    742 |   2 |  469.5 |
               +--------+--------+--------+--------+--------+-----+--------+

Top non-repeatable levels by time:
     D:1: 852 daAuts
     D:2: 86 daAuts
